 Seeded DCSS version 0.30.1 (webtiles) character file.

Game seed: 6351066067085065685 (custom seed)

4370 Esekla the Thaumaturge (level 10, 0/50 HPs)
             Began as a Deep Elf Necromancer on July 8, 2023.
             Was an Elder of Vehumet.
             Slain by an orc warrior (6 damage)
             ... in a bailey.
             The game lasted 00:46:01 (8112 turns).

Esekla the Thaumaturge (Deep Elf Necromancer)       Turns: 8112, Time: 00:46:01

Health: 0/50       AC:  5    Str:  5    XL:     10   Next: 13%
Magic:  25/26      EV: 15    Int: 25    God:    Vehumet [****..]
Gold:   555        SH:  0    Dex: 15    Spells: 23/29 levels left

rFire   . . .        c - +4 scimitar
rCold   . . .        (no shield)
rNeg    . . .        l - +0 robe
rPois   .            u - +0 helmet
rElec   .            I - +0 cloak
rCorr   .            j - +0 pair of gloves
SInv    .            (no boots)
Will    +....        B - amulet of magic regeneration
Stlth   +++          (no ring)
HPRegen 0.28/turn    (no ring)
MPRegen 0.60/turn

%: no passive effects
@: no status effects
A: no striking features
a: Renounce Religion


You were in a bailey.
You worshipped Vehumet.
Vehumet was greatly pleased with you.
You visited 1 branch of the dungeon, and saw 9 of its levels.
You also visited: Bailey.

You collected 555 gold pieces.

Inventory:

Hand Weapons
 c - a +4 scimitar (weapon)
 r - a +4 trident of venom
 s - a +2 vampiric dagger
 v - a +2 rapier of venom
Missiles
 a - 4 throwing nets
 o - 32 poisoned darts (quivered)
 K - 5 curare-tipped darts
Armour
 j - a +0 pair of gloves (worn)
 l - a +0 robe (worn)
 u - a +0 helmet (worn)
 F - a +0 buckler
 I - a +0 cloak (worn)
 L - a +1 helmet
Jewellery
 B - an amulet of magic regeneration (around neck)
 N - a ring of magical power
Wands
 f - a wand of roots (16)
 A - a wand of flame (12)
 H - a wand of mindburst (8)
Scrolls
 e - 3 scrolls of fear {unknown}
 k - a scroll of immolation {unknown}
 m - 5 scrolls of blinking {unknown}
 p - 2 scrolls of fog
 t - a scroll of enchant armour {unknown}
 w - a scroll of amnesia
 x - a scroll of silence {unknown}
 y - 3 scrolls of enchant weapon {unknown}
 C - a scroll of torment {unknown}
 D - a scroll of magic mapping {unknown}
 E - 2 scrolls of teleportation
 G - 2 scrolls of poison
 J - 3 scrolls of noise {unknown}
 M - a scroll of summoning {unknown}
Potions
 b - a potion of magic
 d - 3 potions of ambrosia
 g - 5 potions of attraction
 h - 2 potions of heal wounds
 i - 5 potions of curing
 n - 2 potions of haste
 q - 3 potions of brilliance
 z - a potion of mutation


   Skills:
 + Level 4.0(4.3) Short Blades
 + Level 2.2(3.2) Long Blades
 + Level 1.8 Throwing
 * Level 7.3 Dodging
 + Level 5.1 Stealth
 * Level 1.6 Shields
 * Level 10.2 Spellcasting
 * Level 9.9 Necromancy
 * Level 5.5 Translocations
 + Level 0.3 Evocations


You had 23 spell levels left.
You knew the following spells:

 Your Spells              Type           Power      Damage    Failure   Level
d - Vampiric Draining     Necr           58%        2d10      1%          3
t - Teleport Other        Tloc           40%        N/A       1%          3

Your spell library contained the following spells:

 Spells                   Type           Power      Damage    Failure   Level
 Yara's Violent Unravell  Hex/Tmut       6%         3d5       32%         5
 Necrotise                Necr           100%       1d9       1%          1
 Lesser Beckoning         Tloc           80%        N/A       1%          2
 Gell's Gravitas          Tloc           40%        N/A       1%          3
 Animate Dead             Necr           58%        N/A       1%          4
 Agony                    Necr           58%        N/A       2%          5
 Spider Form              Tmut/Pois      12%        N/A       14%         3
 Cause Fear               Hex            6%         N/A       43%         4
 Summon Mana Viper        Hex/Summ       12%        N/A       80%         5


Dungeon Overview and Level Annotations

Branches:
Dungeon (9/15)             Temple (0/1) D:6          Bailey (1/1)
   Lair: D:8-11         Orc: D:9-12

Altars:
Dithmenos
Fedhas
Hepliaklqana
Okawaru
Qazlal
Trog
Uskayaw
Vehumet
Zin
The Shining One

Shops:
D:2 =   D:4 (

Annotations:
D:6 phantom


Message History

Vehumet accepts your kill.
You feel life coursing into your body.
You start resting.
You hear the faint creaking of a portcullis.
You start resting.
Magic restored.
You start resting.
HP restored.
There is a flagged portal here.
The world spins around you as you enter the gateway.
You enter a bailey!
Found a gate leading back out of this place.
There is an empty arch of ancient stone here. 2 orcs come into view.
Found a gate leading back out of this place.
An orc warrior comes into view. It is wielding a +0 arbalest.
The orc shouts!
The orc shoots a bolt.
The bolt misses you.
You hear a shout!
The orc shoots a bolt.
The bolt completely misses you.
The orc shoots a bolt.
The bolt hits you!
The orc warrior shoots a bolt.
The bolt hits you!!
You hear a shout!
The orc shoots a bolt.
The bolt barely misses you.
The orc warrior shoots a bolt.
The bolt hits you.
The orc unwields a +0 arbalest.
The orc hits you but does no damage.
The orc warrior shoots a bolt.
The bolt hits you!
* * * LOW HITPOINT WARNING * * *
Casting: Vampiric Draining (safe; 1% risk of failure)
Confirm with . or Enter, or press ? or * to list all spells.
Aiming: Vampiric Draining (safe; 1% risk of failure)
Press: ? - help, Shift-Dir - straight line, f - orc
Aim: an orc, wearing a +0 ring mail You draw life force from the orc!
You kill the orc!
Vehumet accepts your kill.
You feel your power returning.
You feel life coursing into your body.
The orc warrior shoots a bolt.
The bolt closely misses you.
The orc warrior unwields a +0 arbalest.
The orc warrior hits you.
You die...

............# ..
............#
...≈≈≈≈≈......#
..≈≈###≈≈.....#
.≈##.##≈.....# ..
.....#≈.....#
....≈#∩o##≈.....#
....≈##o#≈≈.....#
#...≈≈≈@≈≈......#
##..............#
##.............#
#.............#
##............#
#............#
#............#
#............#
#............#


You could see an orc warrior and an orc.

Vanquished Creatures
  A two-headed ogre (D:7)
  Pikel (D:6)
  Joseph (D:7)
  A steam dragon (D:7)
  A wyvern (D:7)
  Menkaure (D:7)
  An ice beast (D:6)
  A sky beast (D:6)
  2 black bears
  2 ogres
  A centaur (D:7)
  Blork the orc (D:6)
  2 kobold brigands
  2 gnoll sergeants
  A bullfrog (D:7)
  2 scorpions (D:5)
  3 wights (D:7)
  2 quasits (D:8)
  2 gnoll boudas
  6 hounds
  A jelly (D:6)
  Crazy Yiuf (D:7)
  4 orc priests (D:8)
  A sleepcap (D:5)
  5 iguanas
  5 orc wizards
  24 gnolls
  9 adders
  3 shadow imps (D:8)
  6 white imps
  4 ufetubi
  A worm (D:4)
  3 dart slugs
  36 orcs
  6 ball pythons
  4 endoplasms
  9 goblins
  7 hobgoblins
  A quokka (D:2)
  4 bats
  4 frilled lizards
  14 kobolds
  A rat (D:2)
187 creatures vanquished.

Notes
Turn   | Place    | Note
-------+----------+-------------------------------------------
     0 | D:1      | Esekla the Deep Elf Necromancer began the quest for the
                  | Orb.
     0 | D:1      | Reached XP level 1. HP: 10/10 MP: 6/6
   205 | D:1      | Reached skill level 5 in Necromancy
   254 | D:1      | Reached XP level 2. HP: 13/15 MP: 8/8
   358 | D:4      | Found a radiant altar of Vehumet.
   362 | D:4      | Became a worshipper of Vehumet
   540 | D:3      | Identified the +5 rapier of the Hero {heavy, rN+ Dex+3}
   565 | D:2      | Found Renulab's Jewellery Shop.
   864 | D:2      | Reached XP level 3. HP: 5/19 MP: 9/9
   928 | D:2      | Learned a level 3 spell: Vampiric Draining
   954 | D:2      | Noticed a black bear
   960 | D:2      | Killed a black bear
   961 | D:2      | Reached skill level 1 in Short Blades
   961 | D:2      | Reached skill level 4 in Spellcasting
   961 | D:2      | Reached XP level 4. HP: 22/24 MP: 1/12
  1080 | D:2      | Reached XP level 5. HP: 28/28 MP: 13/13
  1095 | D:2      | Found a faded altar of an unknown god.
  1426 | D:1      | Reached * piety under Vehumet
  1426 | D:1      | Offered knowledge of Shock by Vehumet.
  1474 | D:1      | Learned a level 3 spell: Teleport Other
  1829 | D:3      | Found a stormy altar of Qazlal.
  1831 | D:3      | Found a bloodstained altar of Trog.
  1833 | D:3      | Found a hazy altar of Hepliaklqana.
  2082 | D:4      | Found a glowing golden altar of the Shining One.
  2132 | D:4      | Reached XP level 6. HP: 32/32 MP: 14/14
  2154 | D:4      | Found a glowing silver altar of Zin.
  2522 | D:3      | Offered knowledge of Freeze by Vehumet.
  2545 | D:4      | Reached ** piety under Vehumet
  2608 | D:4      | Found an iron altar of Okawaru.
  2647 | D:4      | Found Ponaysk's Antique Weapon Boutique.
  2994 | D:5      | Entered Level 5 of the Dungeon
  3082 | D:5      | Reached skill level 5 in Spellcasting
  3176 | D:5      | Got the Parchment of the Lumpy Olives
  3224 | D:5      | Reached skill level 1 in Translocations
  3313 | D:5      | Reached XP level 7. HP: 34/36 MP: 9/16
  3799 | D:5      | Found a shadowy altar of Dithmenos.
  3832 | D:5      | Reached skill level 5 in Dodging
  4039 | D:5      | Reached skill level 6 in Spellcasting
  4433 | D:6      | Reached XP level 8. HP: 41/41 MP: 19/19
  4515 | D:6      | Found a staircase to the Ecumenical Temple.
  4613 | D:6      | Noticed Pikel
  4619 | D:6      | Killed Pikel
  4620 | D:6      | Reached skill level 7 in Spellcasting
  4821 | D:6      | Noticed Blork the orc
  4840 | D:6      | Killed Blork the orc
  5023 | D:6      | Found a blossoming altar of Fedhas.
  5038 | D:6      | Reached skill level 8 in Spellcasting
  5351 | D:7      | Offered knowledge of Volatile Blastmotes by Vehumet.
  5359 | D:7      | Reached XP level 9. HP: 42/45 MP: 17/23
  5644 | D:7      | Noticed Menkaure
  5658 | D:7      | Killed Menkaure
  5800 | D:7      | Found a runed translucent door.
  5801 | D:7      | Noticed Crazy Yiuf
  5808 | D:7      | Killed Crazy Yiuf
  6004 | D:7      | Reached skill level 1 in Long Blades
  6018 | D:7      | Reached *** piety under Vehumet
  6019 | D:7      | Reached skill level 1 in Throwing
  6152 | D:7      | Noticed Joseph
  6204 | D:7      | Killed Joseph
  6205 | D:7      | Reached skill level 1 in Shields
  6205 | D:7      | Reached skill level 9 in Spellcasting
  6391 | D:7      | Reached skill level 5 in Translocations
  6685 | D:8      | Offered knowledge of Fulminant Prism by Vehumet.
  6738 | D:8      | Reached skill level 5 in Stealth
  7023 | D:8      | Reached **** piety under Vehumet
  7114 | D:8      | Noticed a two-headed ogre
  7148 | D:7      | Killed a two-headed ogre
  7149 | D:7      | Reached skill level 10 in Spellcasting
  7149 | D:7      | Reached XP level 10. HP: 30/50 MP: 17/26
  7345 | D:8      | Found a hide-covered altar of Uskayaw.
  7366 | D:8      | Found a transporter.
  7367 | D:8      | Found a transporter.
  7370 | D:8      | Found a transporter.
  7371 | D:8      | Found a transporter.
  7436 | D:8      | Offered knowledge of Yara's Violent Unravelling by Vehumet.
  8057 | D:9      | Found a flagged portal.
  8099 | Bailey   | Entered a bailey
  8110 | Bailey   | HP: 2/50 [orc warrior/bolt (16)]
  8112 | Bailey   | Slain by an orc warrior

Illustrated notes

Levels and vault maps discovered:
D:1:      sevenhm_arrival_forest_fort_small_3, layout_rooms,
          chequers_serial_rivers_room_b, minmay_misc_feat_five
D:2:      layout_loops_ring, dreamdust_ecumenical_altar_angels_and_demons,
          serial_shops, shop
D:3:      layout_basic, grunt_temple_overflow_open, minmay_misc_feat_iff
D:4:      layout_basic, nicolae_overflow_quartered_altars, serial_shops,
          nicolae_diamond_shop
D:5:      layout_loops_ring, lemuel_doored_altar, minmay_misc_feat_rows,
          dreamdust_wishing_well
D:6:      layout_loops_cross, fedhas_altar_fruit_tree,
          minmay_temple_entry_glass, uniq_pikel, uniq_blork_the_orc
D:7:      layout_basic, uniq_menkaure, uniq_joseph, uniq_crazy_yiuf_cottage
D:8:      layout_basic, nicolae_uskayaw_dance_hall, serial_demonic,
          serial_demonic_d, serial_demonic_a, serial_demonic_c,
          serial_demonic_c, nicolae_diode_quadrants
D:9:      layout_irregular_city, kennysheep_little_box, enter_bailey_4,
          minmay_between, uniq_harold
Bailey:   bailey_polearm_2, bailey

Skill      XL: |  1  2  3  4  5  6  7  8  9 |
---------------+----------------------------+-----
Necromancy     | 5 6 7 8 9 |  9.9
Short Blades   | 1 2 3 4 |  4.0
Dodging        | 3 4 5 6 7 |  7.3
Stealth        | 3 4 5 |  5.1
Spellcasting   | 4 5 6 8 10 | 10.2
Translocations | 1 2 4 5 |  5.5
Long Blades    | 2 |  2.2
Throwing       | 1 |  1.8
Shields        | 1 |  1.6
Evocations     | |  0.3

Action                     |  1- 3 |  4- 6 |  7- 9 | 10-12 || total
---------------------------+-------+-------+-------+-------++-------
  Melee: Unarmed           |     9 |       |       |       ||     9
         Dagger            |    13 |    27 |    70 |       ||   110
         Short sword       |     5 |       |       |       ||     5
         Rapier            |    11 |    87 |    33 |       ||   131
         Punch             |       |       |     5 |       ||     5
         Scimitar          |       |       |   141 |    25 ||   166
         Great sword       |       |       |     3 |       ||     3
         Trident           |       |       |     1 |       ||     1
  Throw: Dart              |       |     5 |    13 |       ||    18
   Cast: Vampiric Draining |     3 |    23 |    78 |    18 ||   122
         Teleport Other    |       |       |     6 |       ||     6
  Evoke: Wand              |       |       |    10 |       ||    10
    Use: Potion            |     2 |       |     3 |     1 ||     6
         Scroll            |       |       |    11 |       ||    11
   Stab: Sleeping          |     3 |     4 |     8 |       ||    15
 Armour: Robe              |    11 |    23 |    65 |    12 ||   111
         Skin              |       |       |     9 |       ||     9
  Dodge: Dodged            |    16 |   118 |   286 |    57 ||   477
